Unix NetHack Version 3.7.0-89 Work-in-progress - last build Sep 7 2023 15:16:41 (8494bff02b67719303c47e298deaa89034127798,branch:master). Game began 2023-09-19 17:42:42, ended 2023-09-19 18:54:16. spontiff, neutral male gnomish Healer ----- # #######....| --.-- ### |.{.| ------ -Bd.| # ###-...| |00....-# |.@.| ------- -----# ## |...| |...0..|#### ----------- ###-...| |.....| #-...|# ## -.-|- ----^^..0.| # |..........#### ---.- |...<..####|.>.-##### # # |..00.0---- # |......%.*|### # |.....|# ##|{..|# ### |..0%..| #####|.........-### -------# ##-----# # |....0.| #|........*|## # ######## ## ---.---- #-.........|##### # # # ### -----------# # ----- # ## # ## ##### # |...| ## ## --.---|-- ### ## ###|...| # # |.......| ---.-- ###### #-.+.| #-----# |........######.....| ### ----- #....|# |.......| |.....#### |...-########### |*......| |....| |{..| #####........| |.....####) ----- --------- ------ Spontiff the Rhizotomist St:9 Dx:9 Co:18 In:7 Wi:18 Ch:16 Neutral S:250 Dlvl:5 $:0 HP:0(21) Pw:3(7) AC:4 Xp:1/0 T:3940 Latest messages: Call a scroll labeled EIRIS SAZUN IDISI: flight What do you want to drop? [cf-hknpqs-uw-yAEKSX-Z or ?*] u You drop a scroll labeled KIRJE. Adjama offers 8 gold pieces for your scroll labeled KIRJE. Sell it? [ynaq] (n) n u - a scroll labeled KIRJE. What do you want to adjust? [cf-hknpqs-uw-yAEKSX-Z or ?*] u Adjust letter to what [abdeijlmoruvzB-DF-JL-RT-W] (? see used letters)? I Moving: I - a scroll labeled KIRJE. What do you want to call? [fwxEIX-Z or ?*] I Call a scroll labeled KIRJE: indemnify What do you want to use or apply? [fstxSX-Z or ?*] f You put a scroll called flight into the bag called holding. You put a scroll called indemnify into the bag called holding. The iguana misses! The iguana bites! The iguana bites! The iguana bites! The large dog misses the iguana. The large dog bites the iguana. The iguana bites the large dog. The iguana bites! The large dog bites the iguana. The iguana misses the large dog. The iguana just misses! The large dog bites the iguana. The large dog misses the iguana. The iguana misses! The large dog misses the iguana. The large dog bites the iguana. The iguana is killed! You see here an iguana corpse. The large dog eats an iguana corpse. What do you want to use or apply? [fstxSX-Z or ?*] s In what direction? l Status of the large dog (neutral, medium): Level 9 HP 50(72) AC 4, tame, eating. In what direction? l The large dog looks better. The door resists! The door opens. The giant bat misses! You begin bashing monsters with your gloved hands. You hit the giant bat. The giant bat misses! The giant bat bites! The large dog bites the giant bat. The giant bat bites the large dog. The giant bat bites! You die... Do you want your possessions identified? [ynq] (y) y Do you want to see the dungeon overview? [ynq] (y) y Inventory: Amulets A - an uncursed amulet of guarding (being worn) Weapons k - an uncursed +0 orcish dagger K - an uncursed +0 scalpel (alternate weapon; not wielded) Armor h - an uncursed +0 orcish helm (being worn) g - an uncursed +1 pair of leather gloves (being worn) q - an uncursed +0 elven cloak (being worn) Comestibles y - an uncursed apple c - an uncursed carrot n - an uncursed food ration p - an uncursed tripe ration Wands Z - an uncursed wand of cancellation (0:4) X - an uncursed wand of polymorph (0:7) Y - an uncursed wand of polymorph (0:7) S - an uncursed wand of sleep (0:4) Tools f - an uncursed bag of holding containing 32 items t - an uncursed blindfold x - a cursed magic lamp s - an uncursed stethoscope Gems/Stones E - an uncursed aquamarine stone Contents of the bag of holding: 320 gold pieces an uncursed amulet of reflection a cursed +0 elven cloak an uncursed tripe ration a cursed tin of spinach a cursed scroll of charging an uncursed scroll of identify an uncursed scroll of light a blessed spellbook of healing an uncursed spellbook of jumping an uncursed spellbook of wizard lock 4 uncursed potions of extra healing an uncursed potion of hallucination an uncursed potion of invisibility an uncursed potion of levitation an uncursed potion of monster detection a blessed potion of paralysis an uncursed potion of speed an uncursed potion of water a cursed -1 ring of gain constitution an uncursed wand of cold (0:7) an uncursed wand of digging (0:6) an uncursed wand of fire (0:5) an uncursed wand of fire (0:4) an uncursed wand of light (0:12) an uncursed wand of lightning (0:8) an uncursed wand of nothing (0:15) an uncursed wand of secret door detection (0:12) an uncursed wand of sleep (0:6) an uncursed wand of sleep (0:4) an uncursed wand of sleep (0:4) an uncursed wand of undead turning (0:5) Spontiff the Healer's attributes: Background: You were a Rhizotomist, a level 1 male gnomish Healer. You were neutral, on a mission for Hermes who was opposed by Athena (lawful) and Poseidon (chaotic). You were in the Dungeons of Doom, on level 5. You entered the dungeon 3940 turns ago. You had 0 experience points, 20 were needed to attain level 2. Your score was 250 before end-of-game adjustments. Basics: You had 0 out of 21 hit points. You had 3 out of 7 energy points (spell power). Your armor class was 4. Your wallet was empty, but you had 320 zorkmids stashed away in your pack. Autopickup was on for '$!/="?' plus thrown, with exceptions. Final Characteristics: Your strength was 9 (limit:18/50). Your dexterity was 9 (limit:18). Your constitution was 18 (limit:18). Your intelligence was 7 (limit:19). Your wisdom was 18 (limit:18). Your charisma was 16 (limit:18). Final Status: You were not hungry. You were unencumbered. You were empty handed. You were unskilled in bare handed combat. Final Attributes: You were piously aligned. You were poison resistant. You had infravision. You were stealthy. You had a small defense bonus (+2). You were protected. You are dead. Miscellaneous: You never encountered a bones level. Total elapsed playing time was 1 hour, 11 minutes and 34 seconds. Major events: Turn 1: spontiff the neutral male gnomish Healer entered the dungeon 2026: entered the Gnomish Mines 3940: killed by a giant bat Vanquished creatures: a small mimic a leprechaun a shrieker a straw golem a little dog a kobold leader a wererat 2 werejackals 2 iguanas 5 acid blobs 2 hobgoblins a giant rat 2 cave spiders a brown mold a green mold a gnome a gnome zombie a gecko 6 jackals 3 foxes a kobold 5 goblins 6 sewer rats 2 grid bugs 2 bats 7 lichens 7 newts 65 creatures vanquished. No species were genocided or became extinct. Voluntary challenges: You never hit with a wielded weapon. You were a pacifist. You were illiterate. You never engraved Elbereth. You never genocided any monsters. You never polymorphed an object. You never changed form. You used no wishes. Achievements: You entered a shop. You entered the Gnomish Mines. The Dungeons of Doom: levels 1 to 6 Level 1: A fountain, a sink. Level 2: "Shocked Lop" A sink. Level 3: "statue room" A wand shop. Level 4: Some fountains. Stairs down to The Gnomish Mines. Level 5: <- You were here. A general store, many fountains. Final resting place for you, killed by a giant bat. Level 6: The Gnomish Mines: Level 5: Game over: ---------- / \ / REST \ / IN \ / PEACE \ / \ | spontiff | | 320 Au | | killed by a | | giant bat | | | | | | 2023 | *| * * * | * _________)/\\_//(\/(/\)/\//\/|_)_______ Goodbye spontiff the Healer... You died in The Dungeons of Doom on dungeon level 5 with 250 points, and 320 pieces of gold, after 3940 moves. You were level 1 with a maximum of 21 hit points when you died.